| TOP OF THE 1ST |
|
Houston Astros batting - Pitching for Montreal Expos : RHP Cheng-ho Hsu
|
|
Pitching: RHP Cheng-ho Hsu
|
|
|
Batting: LHB Josh Corkery
|
0-0: Called Strike 0-1: Ball 1-1: Foul Ball, location: 2F 1-2: Ball 2-2: Foul Ball, location: 2F 2-2: Strikes out swinging
|
|
Batting: RHB Danny Merrill
|
0-0: Ball 1-0: Fly out, F6 (Flyball, 56D, EV 91.9 MPH)
|
|
Batting: LHB Bryce Hill
|
0-0: Ball 1-0: Hit by Pitch
|
|
Batting: RHB Elijah Hunter
|
0-0: Foul Ball, location: 2F 0-1: Ball 1-1: Fly out, F8 (Line Drive, 78M, EV 95.6 MPH)
|
| Top of the 1st over - 0 runs, 0 hits, 0 errors, 1 left on base; Houston 0 - Montreal 0 |
| BOTTOM OF THE 1ST |
|
Montreal Expos batting - Pitching for Houston Astros : RHP Brian Lynch
|
|
Pitching: RHP Brian Lynch
|
|
|
Batting: LHB Bill McGregor
|
0-0: SOLO HOME RUN (Flyball, 78XD, EV 98.1 MPH), Distance : 385 ft
|
|
Batting: LHB Mark Marvin
|
0-0: Ball 1-0: Ball 2-0: Ground out 1-3 (Groundball, 13, EV 61.2 MPH)
|
|
Batting: SHB Joey Pacheco
|
0-0: Called Strike 0-1: Swinging Strike 0-2: Strikes out swinging
|
|
Batting: LHB Austin Ohmer
|
0-0: SINGLE (Groundball, 6MD, EV 106.2 MPH)
|
|
Batting: LHB Eric Toney
|
0-0: Swinging Strike 0-1: Ball 1-1: Swinging Strike 1-2: Strikes out swinging
|
| Bottom of the 1st over - 1 run, 2 hits, 0 errors, 1 left on base; Houston 0 - Montreal 1 |
| TOP OF THE 2ND |
|
Houston Astros batting - Pitching for Montreal Expos : RHP Cheng-ho Hsu
|
|
Batting: LHB Jack Christie
|
0-0: Called Strike 0-1: SINGLE (Groundball, 4MD, EV 101.9 MPH)
|
|
Batting: RHB Jeremy Trump
|
0-0: Foul Ball, location: 2F 0-1: Reached on error, E1 (Groundball, 34S, EV 69.4 MPH) Jack Christie to second
|
|
Batting: SHB Joe Gardner
|
0-0: Foul Ball, location: 2F 0-1: Ball 1-1: 3-RUN HOME RUN (Line Drive, 8LXD, EV 115.0 MPH), Distance : 437 ft
|
|
Batting: RHB Eric Chotkowski
|
0-0: Called Strike 0-1: Called Strike 0-2: Strikes out swinging
|
|
Batting: LHB Jimmy Edlin
|
0-0: Ball 1-0: Called Strike 1-1: Called Strike 1-2: Strikes out swinging
|
|
Batting: LHB Josh Corkery
|
0-0: Foul Ball, location: 2F 0-1: Swinging Strike 0-2: Strikes out swinging
|
| Top of the 2nd over - 3 runs, 2 hits, 1 error, 0 left on base; Houston 3 - Montreal 1 |
| BOTTOM OF THE 2ND |
|
Montreal Expos batting - Pitching for Houston Astros : RHP Brian Lynch
|
|
Batting: SHB Lou Kroneman
|
0-0: Ball 1-0: Ball 2-0: Foul Ball, location: 2F 2-1: Ball 3-1: Base on Balls
|
|
Batting: RHB Tommie Eaton
|
0-0: Ball 1-0: Called Strike 1-1: Foul Ball, location: 2F 1-2: Ball 2-2: Ball 3-2: 2-RUN HOME RUN (Flyball, 7D, EV 94.4 MPH), Distance : 359 ft
|
|
Batting: RHB Tommy Mize
|
0-0: Ground out 4-3 (Groundball, 4, EV 87.5 MPH)
|
|
Batting: LHB Darryl Gonnella
|
0-0: Called Strike 0-1: Fly out, F7 (Flyball, 7, EV 96.9 MPH)
|
|
Batting: LHB Bill McGregor
|
0-0: Ball 1-0: DOUBLE (Flyball, 8RXD, EV 92.5 MPH)
|
|
Batting: LHB Mark Marvin
|
0-0: Foul Ball, location: 2F 0-1: Ball 1-1: DOUBLE (Groundball, 5L, EV 107.5 MPH) Bill McGregor scores
|
|
Batting: SHB Joey Pacheco
|
0-0: Called Strike Mark Marvin steals 3rd base 0-1: Ground out 6-3 (Groundball, 6, EV 96.9 MPH)
|
| Bottom of the 2nd over - 3 runs, 3 hits, 0 errors, 1 left on base; Houston 3 - Montreal 4 |
| TOP OF THE 3RD |
|
Houston Astros batting - Pitching for Montreal Expos : RHP Cheng-ho Hsu
|
|
Batting: RHB Danny Merrill
|
0-0: Called Strike 0-1: Ball 1-1: DOUBLE (Flyball, 8LXD, EV 111.9 MPH)
|
|
Batting: LHB Bryce Hill
|
0-0: Fly out, F6 (Popup, 6D, EV 70.0 MPH)
|
|
Batting: RHB Elijah Hunter
|
0-0: Called Strike 0-1: Called Strike 0-2: Strikes out looking
|
|
Batting: LHB Jack Christie
|
0-0: Ball 1-0: Swinging Strike 1-1: Ground out 1-3 (Groundball, 13S, EV 74.4 MPH)
|
| Top of the 3rd over - 0 runs, 1 hit, 0 errors, 1 left on base; Houston 3 - Montreal 4 |
| BOTTOM OF THE 3RD |
|
Montreal Expos batting - Pitching for Houston Astros : RHP Brian Lynch
|
|
Batting: LHB Austin Ohmer
|
0-0: Called Strike 0-1: SINGLE (Line Drive, 78S, EV 94.4 MPH)
|
|
Batting: LHB Eric Toney
|
0-0: Ball 1-0: Ball 2-0: Called Strike 2-1: DOUBLE (Groundball, 5L, EV 100.0 MPH) Austin Ohmer to third Runner from 3rd tries for Home, SAFE, throw by LF to home
|
|
Batting: SHB Lou Kroneman
|
0-0: Foul Ball, location: 2F 0-1: Ball 1-1: Called Strike 1-2: Ground out 3-1 (Groundball, 34, EV 90.6 MPH) Eric Toney to third
|
|
Batting: RHB Tommie Eaton
|
0-0: Ball 1-0: Ball 2-0: Called Strike 2-1: Fly out, F8 (Flyball, 8RM, EV 86.9 MPH)
|
|
Batting: RHB Tommy Mize
|
0-0: Ball 1-0: Ground out U3 (Groundball, 34, EV 84.4 MPH)
|
| Bottom of the 3rd over - 1 run, 2 hits, 0 errors, 1 left on base; Houston 3 - Montreal 5 |
| TOP OF THE 4TH |
|
Houston Astros batting - Pitching for Montreal Expos : RHP Cheng-ho Hsu
|
|
Batting: RHB Jeremy Trump
|
0-0: Foul Ball, location: 2F 0-1: Ball 1-1: Ball 2-1: Ground out 6-3 (Groundball, 6, EV 93.1 MPH)
|
|
Batting: SHB Joe Gardner
|
0-0: Ball 1-0: Swinging Strike 1-1: Ball 2-1: Ground out 6-3 (Groundball, 4M, EV 80.6 MPH)
|
|
Batting: RHB Eric Chotkowski
|
0-0: Called Strike 0-1: Called Strike 0-2: Ball 1-2: Strikes out swinging
|
| Top of the 4th over - 0 runs, 0 hits, 0 errors, 0 left on base; Houston 3 - Montreal 5 |
| BOTTOM OF THE 4TH |
|
Montreal Expos batting - Pitching for Houston Astros : RHP Brian Lynch
|
|
Batting: LHB Darryl Gonnella
|
0-0: Swinging Strike 0-1: Ball 1-1: Ball 2-1: Fly out, F8 (Flyball, 89M, EV 92.5 MPH)
|
|
Batting: LHB Bill McGregor
|
0-0: Ball 1-0: Called Strike 1-1: Ball 2-1: Ball 3-1: Called Strike 3-2: SOLO HOME RUN (Flyball, 9D, EV 93.8 MPH), Distance : 367 ft
|
|
Pitching: RHP Aaron Shapiro
|
|
|
Batting: LHB Mark Marvin
|
0-0: Called Strike 0-1: Ball 1-1: Ground out 2-3 (Groundball, 15S, EV 75.0 MPH)
|
|
Batting: SHB Joey Pacheco
|
0-0: Ball 1-0: SINGLE (Flyball, 6D, EV 93.1 MPH)
|
|
Batting: LHB Austin Ohmer
|
Pickoff Throw to First - Out! 1-3
|
| Bottom of the 4th over - 1 run, 2 hits, 0 errors, 0 left on base; Houston 3 - Montreal 6 |
| TOP OF THE 5TH |
|
Houston Astros batting - Pitching for Montreal Expos : RHP Cheng-ho Hsu
|
|
Batting: LHB Jimmy Edlin
|
0-0: Ball 1-0: Called Strike 1-1: Foul Ball, location: 2F 1-2: Foul Ball, location: 2F 1-2: Ball 2-2: Ball 3-2: Fly out, F8 (Line Drive, 8LD, EV 100.0 MPH)
|
|
Batting: LHB Josh Corkery
|
0-0: Ball 1-0: Ball 2-0: Foul Ball, location: 2F 2-1: Foul Ball, location: 2F 2-2: Strikes out swinging
|
|
Batting: RHB Danny Merrill
|
0-0: Foul Ball, location: 2F 0-1: Called Strike 0-2: Ball 1-2: Foul Ball, location: 2F 1-2: Ground out 4-3 (Groundball, 4, EV 84.4 MPH)
|
| Top of the 5th over - 0 runs, 0 hits, 0 errors, 0 left on base; Houston 3 - Montreal 6 |
| BOTTOM OF THE 5TH |
|
Montreal Expos batting - Pitching for Houston Astros : RHP Aaron Shapiro
|
|
Batting: LHB Austin Ohmer
|
0-0: Called Strike 0-1: Ball 1-1: Foul Ball, location: 2F 1-2: Foul Ball, location: 2F 1-2: Ball 2-2: Strikes out swinging
|
|
Batting: LHB Eric Toney
|
0-0: Ball 1-0: Ground out U3 (Groundball, 34, EV 96.2 MPH)
|
|
Batting: SHB Lou Kroneman
|
0-0: Ball 1-0: Foul Ball, location: 2F 1-1: Ball 2-1: Ball 3-1: Foul Ball, location: 2F 3-2: Foul Ball, location: 2F 3-2: Foul Ball, location: 2F 3-2: Strikes out swinging
|
| Bottom of the 5th over - 0 runs, 0 hits, 0 errors, 0 left on base; Houston 3 - Montreal 6 |
| TOP OF THE 6TH |
|
Houston Astros batting - Pitching for Montreal Expos : RHP Cheng-ho Hsu
|
|
Batting: LHB Bryce Hill
|
0-0: Ball 1-0: Ball 2-0: Ball 3-0: Called Strike 3-1: Fly out, F7 (Flyball, 7, EV 85.6 MPH)
|
|
Batting: RHB Elijah Hunter
|
0-0: Called Strike 0-1: Ball 1-1: Foul Ball, location: 2F 1-2: Fly out, F9 (Flyball, 89M, EV 90.6 MPH)
|
|
Batting: LHB Jack Christie
|
0-0: Swinging Strike 0-1: Swinging Strike 0-2: Ball 1-2: Strikes out swinging
|
| Top of the 6th over - 0 runs, 0 hits, 0 errors, 0 left on base; Houston 3 - Montreal 6 |
| BOTTOM OF THE 6TH |
|
Montreal Expos batting - Pitching for Houston Astros : RHP Aaron Shapiro
|
|
Batting: RHB Tommie Eaton
|
0-0: Foul Ball, location: 2F 0-1: Swinging Strike 0-2: Strikes out looking
|
|
Batting: RHB Tommy Mize
|
0-0: Called Strike 0-1: Ground out U3 (Groundball, 34, EV 85.6 MPH)
|
|
Batting: LHB Darryl Gonnella
|
0-0: Ball 1-0: Foul Ball, location: 2F 1-1: Swinging Strike 1-2: Ball 2-2: Foul Ball, location: 2F 2-2: Strikes out looking
|
| Bottom of the 6th over - 0 runs, 0 hits, 0 errors, 0 left on base; Houston 3 - Montreal 6 |
| TOP OF THE 7TH |
|
Houston Astros batting - Pitching for Montreal Expos : RHP Cheng-ho Hsu
|
|
Batting: RHB Jeremy Trump
|
0-0: DOUBLE (Line Drive, 89D, EV 106.2 MPH)
|
|
Batting: SHB Joe Gardner
|
0-0: Called Strike 0-1: Hit by Pitch
|
|
Batting: RHB Eric Chotkowski
|
0-0: Ball 1-0: Called Strike 1-1: Ball 2-1: Ball 3-1: Foul Ball, location: 2F 3-2: Foul Ball, location: 2F 3-2: Base on Balls Jeremy Trump to third Joe Gardner to second
|
|
Batting: LHB Jimmy Edlin
|
0-0: Ball 1-0: Called Strike 1-1: Ball 2-1: Swinging Strike 2-2: Ball 3-2: Fly out, F8 (Flyball, 89D, EV 101.2 MPH)
|
|
Batting: LHB Josh Corkery
|
0-0: Foul Ball, location: 2F 0-1: Foul Ball, location: 2F 0-2: Strikes out swinging
|
|
Pinch Hitting: LHB Josh Birkner
|
0-0: Called Strike 0-1: Ball 1-1: Foul Ball, location: 2F 1-2: Foul Ball, location: 2F 1-2: Ball 2-2: Ball 3-2: Base on Balls Jeremy Trump scores Joe Gardner to third Eric Chotkowski to second
|
|
Pitching: RHP Joel Montenegro
|
|
|
Batting: LHB Bryce Hill
|
0-0: Fielders Choice at 2nd, 6-4 (Groundball, 4M, EV 83.1 MPH)
|
| Top of the 7th over - 1 run, 1 hit, 0 errors, 3 left on base; Houston 4 - Montreal 6 |
| BOTTOM OF THE 7TH |
|
Montreal Expos batting - Pitching for Houston Astros : RHP Aaron Shapiro
|
|
Now at 1B: Josh Birkner
|
|
|
Batting: LHB Bill McGregor
|
0-0: Foul Ball, location: 2F 0-1: Ground out 6-3 (Groundball, 6, EV 90.6 MPH)
|
|
Batting: LHB Mark Marvin
|
0-0: Ball 1-0: Foul Ball, location: 2F 1-1: Foul Ball, location: 2F 1-2: Ball 2-2: Foul Ball, location: 2F 2-2: Foul Ball, location: 2F 2-2: Foul Ball, location: 2F 2-2: Foul Ball, location: 2F 2-2: Foul Ball, location: 2F 2-2: Strikes out swinging
|
|
Batting: SHB Joey Pacheco
|
0-0: SOLO HOME RUN (Flyball, 78XD, EV 100.0 MPH), Distance : 395 ft
|
|
Batting: LHB Austin Ohmer
|
0-0: Called Strike 0-1: Fly out, F9 (Line Drive, 9D, EV 92.5 MPH)
|
| Bottom of the 7th over - 1 run, 1 hit, 0 errors, 0 left on base; Houston 4 - Montreal 7 |
| TOP OF THE 8TH |
|
Houston Astros batting - Pitching for Montreal Expos : RHP Joel Montenegro
|
|
Now in LF: Bill McGregor
|
|
|
Now in CF: Jonathan Fraire
|
|
|
Now in RF: Austin Ohmer
|
|
|
Batting: RHB Elijah Hunter
|
0-0: Fly out, F9 (Flyball, 9, EV 76.2 MPH)
|
|
Batting: LHB Jack Christie
|
0-0: Called Strike 0-1: Called Strike 0-2: Ball 1-2: Ball 2-2: Foul Ball, location: 2F 2-2: Strikes out looking
|
|
Batting: RHB Jeremy Trump
|
0-0: Foul Ball, location: 2F 0-1: Ball 1-1: Ball 2-1: Ball 3-1: Swinging Strike 3-2: Strikes out swinging
|
| Top of the 8th over - 0 runs, 0 hits, 0 errors, 0 left on base; Houston 4 - Montreal 7 |
| BOTTOM OF THE 8TH |
|
Montreal Expos batting - Pitching for Houston Astros : RHP Aaron Shapiro
|
|
Pitching: RHP Bill Rondeau
|
|
|
Batting: LHB Eric Toney
|
0-0: Called Strike 0-1: Ball 1-1: Ball 2-1: Foul Ball, location: 2F 2-2: Ball 3-2: SINGLE (Line Drive, 8RS, EV 104.4 MPH)
|
|
Batting: SHB Lou Kroneman
|
0-0: Ball 1-0: Called Strike 1-1: Swinging Strike 1-2: Strikes out swinging
|
|
Batting: RHB Tommie Eaton
|
0-0: Ball 1-0: Called Strike 1-1: SINGLE (Line Drive, 78M, EV 93.8 MPH) Eric Toney to second
|
|
Batting: RHB Tommy Mize
|
0-0: Ball 1-0: Swinging Strike 1-1: Swinging Strike 1-2: Strikes out swinging
|
|
Batting: RHB Jonathan Fraire
|
0-0: Ball 1-0: Called Strike 1-1: Ball 2-1: Swinging Strike 2-2: Strikes out swinging
|
| Bottom of the 8th over - 0 runs, 2 hits, 0 errors, 2 left on base; Houston 4 - Montreal 7 |
| TOP OF THE 9TH |
|
Houston Astros batting - Pitching for Montreal Expos : RHP Joel Montenegro
|
|
Pitching: RHP Jakub Kvacek
|
|
|
Now at 2B: Danny Diaz
|
|
|
Batting: SHB Joe Gardner
|
0-0: Ball 1-0: Ball 2-0: SINGLE (Groundball, 3D, EV 95.6 MPH)
|
|
Batting: RHB Eric Chotkowski
|
0-0: Swinging Strike 0-1: Fly out, F8 (Flyball, 8RD, EV 101.9 MPH)
|
|
Batting: LHB Jimmy Edlin
|
0-0: Foul Ball, location: 2F 0-1: Foul Ball, location: 2F 0-2: Hit by Pitch Joe Gardner to second
|
|
Batting: LHB Josh Corkery
|
0-0: Called Strike 0-1: Ball 1-1: Foul Ball, location: 2F 1-2: Ball 2-2: Strikes out swinging
|
|
Batting: LHB Josh Birkner
|
0-0: Swinging Strike 0-1: Ball 1-1: Ball 2-1: Ground out U3 (Groundball, 34S, EV 82.5 MPH)
|
| Top of the 9th over - 0 runs, 1 hit, 0 errors, 2 left on base; Houston 4 - Montreal 7 |
|